 Dungeon Crawl Stone Soup version 0.26-a0-547-g695e311587 (webtiles) character file.

Game seed: 7991496518849625615

3200 Aksej the Nimble (level 9, 0/66 HPs)
             Began as a Gnoll Monk on Aug 20, 2020.
             Was an Elder of Hepliaklqana.
             Succumbed to a killer bee's poison
             ... on level 8 of the Dungeon.
             The game lasted 00:22:58 (8360 turns).

Aksej the Nimble (Gnoll Monk)                       Turns: 8360, Time: 00:22:59

Health: 0/66       AC:  5    Str: 14    XL:     9   Next: 96%
Magic:  11/17      EV: 14    Int: 12    God:    Hepliaklqana [****..]
Gold:   31         SH: 17    Dex: 21    Spells: 17/17 levels left

rFire    + . .     SeeInvis +   a - +3 mace (freeze)
rCold    . . .     Faith    .   h - +3 tower shield
rNeg     . . .     Spirit   +   v - +1 leather armour {rF+}
rPois    .         Reflect  .   (helmet restricted)
rElec    .         Harm     .   (no cloak)
rCorr    .                      q - +0 pair of gloves
MR       +....                  (no boots)
Stlth    +++.......             f - amulet of guardian spirit
HPRegen  0.21/turn              g - ring of protection from magic
MPRegen  0.15/turn              n - ring of see invisible

@: lethally poisoned (0 -> -1)
A: distributed training, reduced essence, antennae 1, claws 1, fangs 1, high mp
1, strong nose
a: Recall Ancestor, Ancestor Identity, Transference, Idealise, Renounce Religion


You were on level 8 of the Dungeon.
You worshipped Hepliaklqana.
Hepliaklqana was greatly pleased with you.
You visited 2 branches of the dungeon, and saw 9 of its levels.
You also visited: Ossuary.

You collected 510 gold pieces.
You spent 479 gold pieces at shops.

Inventory:

Hand Weapons
 a - a +3 mace of freezing (weapon)
 b - the +1 dagger of Youthful Indiscretion {vorpal, rC+ Int+2}
   (You found it on level 7 of the Dungeon)

   It inflicts extra damage upon your enemies.
   It affects your intelligence (+2).
   It protects you from cold.
Missiles
 o - 7 javelins (quivered)
 p - 4 boomerangs of dispersal
 s - 3 boomerangs
Armour
 h - a +3 tower shield (worn)
 i - a +2 helmet
 q - a +0 pair of gloves (worn)
 v - a +1 leather armour of fire resistance (worn)
Jewellery
 f - an amulet of guardian spirit (around neck)
 g - a ring of protection from magic (left hand)
 n - a ring of see invisible (right hand)
Scrolls
 c - 4 scrolls of teleportation
 d - 2 scrolls of magic mapping
 e - 2 scrolls of amnesia
 j - 7 scrolls of identify
 m - 5 scrolls of remove curse
 w - 2 scrolls of fear
Potions
 k - a potion of might
 l - 2 potions of haste
 r - 2 potions of brilliance


   Skills:
 + Level 8.2 Fighting
 + Level 4.7 Short Blades
 + Level 4.7 Long Blades
 + Level 4.7 Axes
 + Level 8.2 Maces & Flails
 + Level 4.7 Polearms
 + Level 4.7 Staves
 + Level 4.7 Slings
 + Level 4.7 Bows
 + Level 4.7 Crossbows
 + Level 4.7 Throwing
 + Level 4.7 Armour
 + Level 8.2 Dodging
 + Level 6.4 Stealth
 + Level 4.7 Shields
 + Level 4.7 Unarmed Combat
 + Level 4.7 Spellcasting
 + Level 3.9 Conjurations
 + Level 3.9 Hexes
 + Level 3.9 Summonings
 + Level 3.9 Necromancy
 + Level 3.9 Translocations
 + Level 3.9 Transmutations
 + Level 3.9 Fire Magic
 + Level 3.9 Ice Magic
 + Level 3.9 Air Magic
 + Level 3.9 Earth Magic
 + Level 3.9 Poison Magic
 + Level 5.2 Invocations
 + Level 4.7 Evocations


You had 17 spell levels left.
You didn't know any spells.
Your spell library contained the following spells:

 Spells                   Type           Power        Failure   Level
 Corona                   Hex            ##.....      56%         1
 Ensorcelled Hibernation  Hex/Ice        ##....       71%         2
 Confusing Touch          Hex            ##......     91%         3
 Dazzling Flash           Conj/Hex       ##....       91%         3
 Tukima's Dance           Hex            ##......     91%         3


Dungeon Overview and Level Annotations

Branches:
Dungeon (8/15)             Temple (1/1) D:4            Lair (0/6) D:8
Ossuary (visited)

Altars:
Ashenzari
Cheibriados
Elyvilon
Fedhas
Hepliaklqana
Kikubaaqudgha
Okawaru
Qazlal
Ru
Sif Muna
Trog
Uskayaw
Xom
Yredelemnul

Shops:
D:7 ?


Innate Abilities, Weirdness & Mutations

Your experience applies equally to all skills.
You have very sharp teeth.
Your uncanny sense of smell can sniff out nearby items.
Your life essence is reduced to manifest your ancestor. (-10% HP)
You have a pair of small antennae on your head.
You have sharp fingernails.
You have an increased reservoir of magic. (+10% MP)


Message History

* * * LOW HITPOINT WARNING * * *
You feel sick.
* * * LOW HITPOINT WARNING * * *
You feel sick.
* * * LOW HITPOINT WARNING * * *
You feel sick.
* * * LOW HITPOINT WARNING * * *
You feel sick.
* * * LOW HITPOINT WARNING * * *
You feel sick.
Your transformation is almost over.
* * * LOW HITPOINT WARNING * * *
You feel sick.
* * * LOW HITPOINT WARNING * * *
You feel sick.
You feel less wooden.
Your +0 pair of gloves unmelds from your body.
Your +1 leather armour of fire resistance unmelds from your body.
You feel resistant to fire.
You die...

+......+ #..........
......# #..........
.....### #..........
#.....#.#####..........
#<....#.....#..........
#.....#.....#..........
##+#.....##....#..........
#.........#....#†.........
#.........#....@R.........
#.........#....#..........
#.........'....#..........
#.........#....#..........
#.........#....#.........
#.........######........
########... ......... #...
....... #....


You could see the friendly Zayda the hexer.

Vanquished Creatures
  An orc warrior (D:6)
  A phantom (D:6)
  An ice beast (D:6)
  3 ogres
  4 elf zombies (Ossuary)
  4 bullfrogs
  A scorpion (D:7)
  3 killer bees (D:8)
  2 wights (D:5)
  A howler monkey (D:5)
  2 centaur zombies
  A human zombie (Ossuary)
  A jelly (D:6)
  4 hounds
  5 orc wizards
  A centaur skeleton (D:4)
  An iguana (D:8)
  3 worker ants
  A big kobold zombie (Ossuary)
  A hound zombie (D:7)
  A mummy (Ossuary)
  8 adders
  3 gnolls (D:5)
  3 white imps
  2 ufetubi (D:7)
  An ooze (D:4)
  3 adder zombies
  2 worms (D:2)
  3 leopard geckos
  15 orcs
  4 giant cockroaches
  8 goblins
  11 hobgoblins
  7 kobolds
  2 quokkas (D:2)
  A ball python (D:7)
  9 bats
  4 frilled lizards
  2 hobgoblin zombies (Ossuary)
  3 jackal zombies (Ossuary)
  2 kobold zombies (Ossuary)
  2 orc zombies (Ossuary)
  3 quokka zombies (Ossuary)
  6 rats
  4 rat zombies (Ossuary)
  A fungus (D:6)
151 creatures vanquished.

Vanquished Creatures (collateral kills)
  Joseph (D:7)
  An ogre (D:6)
  A centaur (D:7)
  A crocodile (D:8)
  A bullfrog (D:7)
  A scorpion (D:8)
  A killer bee (D:8)
  A wight (D:5)
  A jelly (D:6)
  2 hounds
  A human zombie (Ossuary)
  An orc wizard (D:4)
  An iguana (D:7)
  3 worker ants
  2 mummies (Ossuary)
  An adder (D:4)
  A white imp (D:5)
  2 adder skeletons
  A leopard gecko (D:4)
  4 orcs
  A giant cockroach (D:5)
  A quokka (D:6)
  2 hobgoblin zombies (Ossuary)
  2 jackal zombies (Ossuary)
  A kobold zombie (Ossuary)
  A quokka skeleton (D:4)
  2 quokka zombies (Ossuary)
  A fungus (D:6)
39 creatures vanquished.

Vanquished Creatures (others)
  A hexer (D:8)
  A fungus (D:6)
  3 toadstools (D:3)
5 creatures vanquished.

Grand Total: 195 creatures vanquished

Notes
Turn   | Place    | Note
-------+----------+-------------------------------------------
     0 | D:1      | Aksej the Gnoll Monk began the quest for the Orb.
     0 | D:1      | Reached XP level 1. HP: 23/23 MP: 1/1
   181 | D:1      | Reached XP level 2. HP: 29/29 MP: 2/2
   589 | D:1      | Reached XP level 3. HP: 35/35 MP: 3/3
   822 | D:2      | Reached skill level 1 in Invocations
   921 | D:2      | Reached skill level 1 in Short Blades
   921 | D:2      | Reached skill level 1 in Long Blades
   921 | D:2      | Reached skill level 1 in Axes
   921 | D:2      | Reached skill level 1 in Polearms
   921 | D:2      | Reached skill level 1 in Staves
   921 | D:2      | Reached skill level 1 in Slings
   921 | D:2      | Reached skill level 1 in Bows
   921 | D:2      | Reached skill level 1 in Crossbows
   921 | D:2      | Reached skill level 1 in Throwing
   921 | D:2      | Reached skill level 1 in Armour
   921 | D:2      | Reached skill level 1 in Shields
   921 | D:2      | Reached skill level 1 in Unarmed Combat
   921 | D:2      | Reached skill level 1 in Spellcasting
   921 | D:2      | Reached skill level 1 in Evocations
   921 | D:2      | Reached XP level 4. HP: 37/41 MP: 5/5
  1434 | D:2      | Reached skill level 1 in Conjurations
  1434 | D:2      | Reached skill level 1 in Hexes
  1434 | D:2      | Reached skill level 1 in Summonings
  1434 | D:2      | Reached skill level 1 in Necromancy
  1434 | D:2      | Reached skill level 1 in Translocations
  1434 | D:2      | Reached skill level 1 in Transmutations
  1434 | D:2      | Reached skill level 1 in Fire Magic
  1434 | D:2      | Reached skill level 1 in Ice Magic
  1434 | D:2      | Reached skill level 1 in Air Magic
  1434 | D:2      | Reached skill level 1 in Earth Magic
  1434 | D:2      | Reached skill level 1 in Poison Magic
  1543 | D:2      | Gained mutation: You have sharp fingernails. [potion of
                  | mutation]
  1543 | D:2      | Gained mutation: You have an increased reservoir of magic.
                  | (+10% MP) [potion of mutation]
  1543 | D:2      | Gained mutation: You have a pair of small antennae on your
                  | head. [potion of mutation]
  1814 | D:2      | Found a white marble altar of Elyvilon.
  1894 | D:3      | Reached XP level 5. HP: 46/47 MP: 7/7
  2268 | D:4      | Found a staircase to the Ecumenical Temple.
  2279 | Temple   | Entered the Ecumenical Temple
  2333 | Temple   | Became a worshipper of Hepliaklqana the Forgotten
  2333 | Temple   | Reached * piety under Hepliaklqana
  2333 | Temple   | Reached ** piety under Hepliaklqana
  2334 | Temple   | Remembered your ancestor Zayda as a hexer
  2477 | D:4      | Found a shattered altar of Ashenzari.
  2738 | D:4      | Reached XP level 6. HP: 47/47 MP: 9/9
  3273 | D:5      | Entered Level 5 of the Dungeon
  3637 | D:5      | Reached XP level 7. HP: 53/53 MP: 11/11
  3844 | D:5      | Found a bloodstained altar of Trog.
  4007 | D:5      | Reached *** piety under Hepliaklqana
  4606 | D:6      | Found a sand-covered staircase.
  4610 | Ossuary  | Entered an ossuary
  4649 | Ossuary  | Reached skill level 5 in Stealth
  4894 | Ossuary  | Reached XP level 8. HP: 60/60 MP: 13/13
  5814 | D:6      | Found a blossoming altar of Fedhas.
  6212 | D:6      | Reached XP level 9. HP: 61/64 MP: 13/16
  6828 | D:7      | Got a brightly glowing dagger
  6829 | D:7      | Identified the cursed +1 dagger of Youthful Indiscretion
                  | {vorpal, rC+ Int+2} (You found it on level 7 of the
                  | Dungeon)
  6885 | D:7      | Reached **** piety under Hepliaklqana
  7082 | D:7      | Noticed Joseph
  7095 | D:7      | Killed Joseph
  7567 | D:7      | Found Wiocegy's Magic Scroll Shop.
  7570 | D:7      | Bought a scroll of fear for 52 gold pieces
  7570 | D:7      | Bought a scroll of identify for 30 gold pieces
  7570 | D:7      | Bought 2 scrolls of remove curse for 90 gold pieces
  7570 | D:7      | Bought 3 scrolls of identify for 90 gold pieces
  7570 | D:7      | Bought a scroll of teleportation for 45 gold pieces
  7570 | D:7      | Bought a scroll of remove curse for 45 gold pieces
  7570 | D:7      | Bought a scroll of teleportation for 45 gold pieces
  7570 | D:7      | Bought a scroll of identify for 30 gold pieces
  7570 | D:7      | Bought a scroll of fear for 52 gold pieces
  7785 | D:8      | Reached skill level 5 in Invocations
  7825 | D:8      | Found a staircase to the Lair.
  7826 | D:8      | Noticed an elephant
  8342 | D:8      | HP: 4/99 [poisoned by a killer bee]
  8348 | D:8      | HP: 2/99 [poisoned by a killer bee]
  8353 | D:8      | HP: 1/99 [poisoned by a killer bee]
  8360 | D:8      | Succumbed to a killer bee's poison

Illustrated notes

Levels and vault maps discovered:
D:1:      giann_horns, layout_basic
D:2:      layout_rooms, nicolae_overflow_hidden_temple
D:3:      layout_basic, minmay_gold_behind_fungi
D:4:      layout_basic, kennysheep_little_box, minmay_temple_entry_mist
D:5:      layout_loops_ring, lemuel_doored_altar, roderic_lattice_a
D:6:      layout_basic, fedhas_altar_3, enter_ossuary_5
D:7:      layout_gridville, serial_shops, nicolae_shop_window_shopping,
          uniq_joseph
D:8:      minmay_bloctagon_deflated, layout_gridville,
          lemuel_coloured_pillars_altar, david_lair_generic, serial_shops,
          nicolae_shop_crystal, shop
Temple:   eino_temple_lava

Skill      XL: |  1  2  3  4  5  6  7  8  9 |
---------------+----------------------------+-----
Invocations    | 1 2 3 4 5 |  5.2
Short Blades   | 1 2 3 4 |  4.7
Long Blades    | 1 2 3 4 |  4.7
Axes           | 1 2 3 4 |  4.7
Polearms       | 1 2 3 4 |  4.7
Staves         | 1 2 3 4 |  4.7
Slings         | 1 2 3 4 |  4.7
Bows           | 1 2 3 4 |  4.7
Crossbows      | 1 2 3 4 |  4.7
Throwing       | 1 2 3 4 |  4.7
Armour         | 1 2 3 4 |  4.7
Shields        | 1 2 3 4 |  4.7
Unarmed Combat | 1 2 3 4 |  4.7
Spellcasting   | 1 2 3 4 |  4.7
Evocations     | 1 2 3 4 |  4.7
Conjurations   | 1 2 3 |  3.9
Hexes          | 1 2 3 |  3.9
Summonings     | 1 2 3 |  3.9
Necromancy     | 1 2 3 |  3.9
Translocations | 1 2 3 |  3.9
Transmutations | 1 2 3 |  3.9
Fire Magic     | 1 2 3 |  3.9
Ice Magic      | 1 2 3 |  3.9
Air Magic      | 1 2 3 |  3.9
Earth Magic    | 1 2 3 |  3.9
Poison Magic   | 1 2 3 |  3.9
Fighting       | 7 8 |  8.2
Maces & Flails | 7 8 |  8.2
Dodging        | 7 8 |  8.2
Stealth        | 5 6 |  6.4

Action                   |  1- 3 |  4- 6 |  7- 9 || total
-------------------------+-------+-------+-------++-------
Melee: Mace              |    71 |   163 |   466 ||   700
       Bite              |     4 |    24 |    65 ||    93
       Punch             |       |     1 |       ||     1
Throw: Javelin           |       |       |     2 ||     2
Invok: Ancestor Life: He |       |     1 |       ||     1
       Ancestor Identity |       |     1 |       ||     1
  Use: Scroll            |     5 |     6 |    15 ||    26
       Potion            |       |     6 |     7 ||    13
 Stab: Sleeping          |     7 |    13 |    14 ||    34
       Confused          |       |     3 |     6 ||     9
       Distracted        |       |     1 |     9 ||    10
Armor: Robe              |     8 |    16 |    21 ||    45
       Leather armour    |       |       |    11 ||    11
       Skin              |       |       |     5 ||     5
Dodge: Dodged            |    65 |    88 |   149 ||   302
Block: Tower shield      |       |    65 |   364 ||   429

Table legend: (Time is in decaauts)
 A = Elapsed time spent in this place.
 B = Non-inter-level travel time spent in this place.
 C = Inter-level travel time spent in this place.
 D = Time resting spent in this place.
 E = Time spent auto-exploring this place.
 F = Levels seen in this place.
 G = Mean time per level.
                   A        B        C        D        E       F      G
               +--------+--------+--------+--------+--------+-----+--------+
         Total |   8443 |   8020 |    423 |     51 |   6188 |  10 |  844.3 |
       Dungeon |   7713 |   7298 |    415 |     51 |   5781 |   8 |  964.1 |
        Temple |     64 |     56 |      8 |      0 |      0 |   1 |   64.0 |
       Ossuary |    665 |    665 |      0 |      0 |    407 |   1 |  665.0 |
               +--------+--------+--------+--------+--------+-----+--------+

Top non-repeatable levels by time:
     D:6: 1571 daAuts
     D:7: 1359 daAuts
     D:5: 1332 daAuts
     D:4: 959 daAuts
     D:2: 853 daAuts
     D:1: 783 daAuts
 Ossuary: 665 daAuts
     D:3: 626 daAuts
     D:8: 226 daAuts
  Temple: 64 daAuts
